 Dungeon Crawl Stone Soup version 0.20-a0-850-ge5a7832 (webtiles) character file.

205811 krabocopter the Tortoise (level 17, -14/135 HPs)
             Began as a Demonspawn Gladiator on Mar 9, 2017.
             Was the Champion of Jiyva.
             Demolished by a faun
             ... wielding a +0 club
             ... led by a satyr
              (21 damage)
             ... on level 4 of the Shoals on Mar 10, 2017.
             The game lasted 02:17:32 (33925 turns).

krabocopter the Tortoise (Demonspawn Gladiator)    Turns: 33925, Time: 02:17:32

Health: -14/135    AC: 22    Str: 31    XL:     17   Next: 55%
Magic:  16/20      EV: 18    Int: 11    God:    Jiyva [******]
Gold:   1736       SH: 21    Dex: 16    Spells: 20/21 levels left

rFire    + + .     SeeInvis .   R - +11 trident of Undoing {drain, +Fly rElec rF+ Int+2}
rCold    + + +     Gourm    .   x - +3 plate armour {rC+}
rNeg     + . .     Faith    .   c - +2 shield
rPois    .         Spirit   .   (no helmet)
rElec    +         Reflect  +   u - scarf {rC+ rF+}
rCorr    +         Harm     .   P - +0 pair of gloves
MR       +....                  (boots unavailable)
Stlth    +.........             K - +4 amulet of reflection
Regen    0.4/turn               X - ring of Tempat {rF- rN+ Str+3 Stlth+}
MPRegen  0.2/turn               o - +4 ring of evasion

@: mighty, about to teleport, flying, mesmerised, studying Shields
A: hooves 3, molten scales 3, agile 1, blink, cold resistance 1, nightstalker 3,
shaggy fur 1, spiny 2, eyeballs 1, pseudopods 1, jelly absorbing missiles
}: 2/15 runes: serpentine, slimy
a: Blink, Request Jelly, Slimify, Cure Bad Mutation, Renounce Religion


You were on level 4 of the Shoals.
You worshipped Jiyva.
Jiyva was exalted by your worship.
You were completely stuffed.

You visited 7 branches of the dungeon, and saw 37 of its levels.

You collected 2282 gold pieces.
You spent 546 gold pieces at shops.

Inventory:

Hand Weapons
 L - the +2 quarterstaff "Vajuifym" {elec, +Rage rF+++ rN++ Stlth-}
   (You found it on level 5 of the Pits of Slime)

   Occasionally, upon striking a foe, it will discharge some electrical energy
   and cause terrible harm.
   It renders you almost immune to fire.
   It greatly protects you from negative energy.
   It lets you go berserk.
   It makes you less stealthy.
 O - the +7 longbow "Piercer" {penet, EV-2}
   (You found it on level 6 of the Lair of Beasts)

   Ammo fired by it will pass through the targets it hits, potentially hitting
   all targets in its path until it reaches maximum range.
   It affects your evasion (-2).
 R - the +11 trident of Undoing (weapon) {drain, +Fly rElec rF+ Int+2}
   (You found it on level 4 of the Lair of Beasts)

   A truly terrible weapon, it drains the life of those it strikes.
   It affects your intelligence (+2).
   It protects you from fire.
   It insulates you from electricity.
   It lets you fly.
Missiles
 W - 133 arrows
Armour
 c - a +2 shield (worn)
 u - a scarf of resistance (worn)
 x - a +3 plate armour of cold resistance (worn)
 P - a +0 pair of gloves (worn)
Jewellery
 o - a +4 ring of evasion (left hand)
 K - a +4 amulet of reflection (around neck)
 M - an uncursed ring of ice
 X - the ring of Tempat (right hand) {rF- rN+ Str+3 Stlth+}
   (You found it on level 11 of the Dungeon)

   [ring of strength]

   It affects your strength (+3).
   It makes you vulnerable to fire.
   It protects you from negative energy.
   It makes you more stealthy.
Wands
 a - a wand of disintegration (10/24)
 b - a wand of iceblast (4/15)
 A - a wand of scattershot (4/9)
 U - a wand of lightning (8/15)
Scrolls
 d - a scroll of enchant armour
 e - 7 scrolls of amnesia
 j - 9 scrolls of remove curse
 n - 4 scrolls of identify
 r - 6 scrolls of teleportation
 s - 3 scrolls of magic mapping
 v - 3 scrolls of enchant weapon
 y - 3 scrolls of immolation
 F - a scroll of fog
 I - a scroll of recharging
 J - 2 scrolls of fear
 T - a scroll of blinking
Potions
 i - a potion of might
 l - 12 potions of curing
 m - 2 potions of flight
 w - a potion of brilliance
 z - 2 potions of magic
 C - a potion of mutation
 D - a potion of berserk rage
 E - 4 potions of haste
 N - 2 potions of agility
 Q - a potion of cancellation {unknown}
 V - 2 potions of ambrosia
 Y - a potion of lignification
Books
 G - a manual of Shields
 S - a book of Necromancy

   Spells                             Type                      Level
   a - Pain                           Necromancy                   1
   b - Animate Skeleton               Necromancy                   1
   c - Vampiric Draining              Necromancy                   3
   d - Regeneration                   Charms/Necromancy            3
   e - Animate Dead                   Necromancy                   4
   f - Control Undead                 Necromancy                   4
Miscellaneous
 p - a lightning rod (4/4)
Comestibles
 f - 13 bread rations
 g - 5 meat rations
 k - 15 royal jellies
 q - 19 fruits


   Skills:
 + Level 12.7 Fighting
   Level 3.7 Maces & Flails
 - Level 13.3 Polearms
 - Level 1.7 Throwing
 + Level 16.0 Armour
 + Level 8.3 Dodging
 - Level 15.1 Shields
 - Level 2.5 Spellcasting
 - Level 4.2 Necromancy


You had 20 spell levels left.
You knew the following spells:

 Your Spells              Type           Power        Failure   Level  Hunger
a - Pain                  Necr           ##..         28%         1    ##.....


Dungeon Overview and Level Annotations

Branches:
Dungeon (15/15)            Temple (1/1) D:6            Lair (6/6) D:10
 Shoals (4/4) Lair:2        Snake (4/4) Lair:4        Slime (5/5) Lair:5
    Orc (2/2) D:12            Elf (0/3) Orc:2        Vaults (0/5) D:13
 Depths (0/5) D:15

Altars:
Ashenzari
Cheibriados
Dithmenos
Elyvilon
Fedhas
Gozag
Hepliaklqana
Kikubaaqudgha
Makhleb
Nemelex Xobeh
Okawaru
Qazlal
Ru
Sif Muna
Trog
Uskayaw
Vehumet
Wu Jian
Xom
Yredelemnul
Zin
The Shining One
Jiyva

Shops:
D:13 [   Orc:2 :?!!   Shoals:4 [   Snake:1 (=}=   Snake:2 ?   Snake:3 :

Annotations:
D:5 krabocopter's ghost, amateur DsGl
D:15 Louise
Lair:1 Soeti's ghost, journeyman DsFi
Shoals:4 Ilsuiw
Snake:1 exclusion: Roxanne, Roxanne
Slime:5 Royal Jelly


Innate Abilities, Weirdness & Mutations

You have hooves in place of feet.
You are completely covered in molten scales. (AC +4, rF+)
You are completely attuned to the shadows.
You are mostly covered in sharp spines.
You are agile. (Dex +2)
You can translocate small distances at will.
Your flesh is cold resistant. (rC+)
You are covered in fur. (AC +1)
Your body has grown golden eyes which may confuse attackers. (Acc +3)
Armour fits poorly on your pseudopods.
You have a small jelly attached to you that may absorb incoming projectiles.


Message History

The javelin hits the merfolk!
You hear a splash.
The faun splashes around in the water.
The slime creature misses the merfolk aquamancer.
Attack whom?
Aim: a merfolk javelineer, wielding a spear and wearing a leather armour
Okay, then.
Okay, then.
As you read the scroll of teleportation, it crumbles to dust.
You feel strangely unstable.
The merfolk aquamancer hits you with a rapier!
* * * LOW HITPOINT WARNING * * *
You hear some strange, mumbled words.
The merfolk siren chants its luring song.
You block the faun's attack. x3
The merfolk javelineer hits you but does no damage.
The merfolk closely misses you.
The slime creature misses the merfolk aquamancer.
The faun is struck by your spines. The faun hits you with a club!!
You die...

##.<....PP≈≈P
[.######........P≈≈.
....P............P≈PP
≈≈≈..P.P..P.....≈PP≈.
≈≈P≈≈P.P......P≈≈PPP.
.≈≈≈†≈)..PP...≈≈≈≈≈≈.
.≈c≈)c≈≈≈....######PP
.≈≈mcc≈≈≈P..#≈ ##≈
.≈≈J@≈≈≈≈≈. ##
..mEE≈P≈≈P #
E.{m≈≈≈≈≈≈ #


mmmEP≈P(PP # m.####P≈P≈ # #≈≈P # ## #≈ #≈≈ You could see a merfolk impaler, 2
merfolk javelineers, a merfolk aquamancer, a merfolk, 4 fauns, 4 water
elementals, 2 merfolk sirens and a neutral slime creature (fellow slime).

Vanquished Creatures
  Polyphemus (Shoals:3)
  Frances (D:14)
  Agnes (Snake:1)
  7 nagarajas
  The ghost of Soeti the Severer, an adept DsFi of Gozag (Snake:3)
  An orc warlord (Orc:1)
  Azrael (Orc:2)
  A merfolk impaler (Shoals:1)
  An ettin (Orc:2)
  A fire dragon (Lair:6)
  Fannar (Lair:2)
  Josephine (Lair:6)
  Harold (D:10)
  15 naga warriors
  A rakshasa (D:15)
  4 hydras
  3 merfolk avatars
  A death knight (D:13)
  5 anacondas
  3 alligator snapping turtles
  2 catoblepae
  A centaur warrior (D:15)
  2 dancing weapons (D:13)
  5 merfolk aquamancers
  9 two-headed ogres
  2 death yaks (Shoals:2)
  4 satyrs
  9 naga sharpshooters
  Urug (D:13)
  7 shock serpents
  3 salamander mystics
  8 sea snakes
  An unseen horror (D:10)
  2 lindwurms (Lair:6)
  16 harpies
  A wolf spider zombie (D:14)
  A phantasmal warrior (D:13)
  6 naga ritualists
  2 orc knights (Orc:2)
  3 cyclopes
  3 orc sorcerers
  6 fauns (Shoals:3)
  5 manticores
  10 mana vipers
  A manticore (shapeshifter) (D:15)
  11 salamanders
  29 naga magi
  2 ugly things
  27 black mambas
  A guardian serpent (Snake:4)
  5 water nymphs
  A merfolk siren (Shoals:4)
  11 spiny frogs
  A gargoyle (D:13)
  11 rime drakes
  5 yaktaurs (D:15)
  5 komodo dragons
  5 polar bears (Lair:6)
  The ghost of TBriggs11TB the Chopper, an amateur HOBe of Trog (D:3)
  4 wind drakes
  The ghost of Brouzouf the Slasher, an amateur BaFi (D:4)
  A wolf spider simulacrum (D:14)
  5 hornets (Lair:6)
  14 merfolk
  7 trolls
  3 snapping turtles
  2 raiju (shapeshifter) (D:15)
  5 blink frogs (Lair:4)
  10 dream sheep
  7 hippogriffs
  12 spriggans
  3 wyverns
  A vampire (D:9)
  A shadow (D:12)
  12 water elementals
  A fire elemental (Orc:2)
  50 yaks
  2 hungry ghosts
  5 wraiths
  Eustachio (D:8)
  5 basilisks
  9 steam dragons (Lair:6)
  6 wargs
  40 nagas
  3 hell hounds (Orc:2)
  12 water moccasins
  An acid dragon (D:14)
  5 porcupines
  An ice beast (D:5)
  4 black bears
  A hornet zombie (D:14)
  27 orc warriors
  6 sky beasts
  8 ogres
  20 wolves (Lair:6)
  5 boggarts
  19 centaurs
  4 phantoms
  8 crocodiles
  Blork the orc (D:5)
  A big kobold (D:11)
  11 bullfrogs
  A gnoll sergeant (D:8)
  A wyvern skeleton (D:12)
  5 scorpions
  10 killer bees
  A troll skeleton (D:10)
  18 wights
  A howler monkey (D:11)
  2 electric eels (Lair:4)
  3 crimson imps
  A bullfrog zombie (D:12)
  A quasit (D:6)
  3 centaur zombies
  8 orc priests
  A jelly (D:8)
  2 bullfrog skeletons
  7 hounds
  17 orc wizards
  8 centaur skeletons
  6 iguanas
  9 worker ants
  A mummy (D:7)
  A hound zombie (D:8)
  2 hound skeletons
  14 gnolls
  11 adders
  2 shadow imps
  An adder zombie (D:7)
  4 dart slugs
  3 leopard geckos
  54 orcs
  2 ball pythons
  5 bats
  4 giant cockroaches
  8 goblins
  10 hobgoblins
  12 jackals
  4 quokkas
  6 frilled lizards
  12 kobolds
  2 quokka skeletons (D:4)
  2 quokka zombies
  8 rats
  A plant (Shoals:4)
894 creatures vanquished.

Vanquished Creatures (collateral kills)
  A sea snake (Shoals:1)
  An orc warrior (D:13)
  An orc wizard (D:13)
  An orc (D:13)
4 creatures vanquished.

Vanquished Creatures (others)
  4 acid blobs
  An azure jelly (Slime:5)
  A nagaraja (Snake:4)
  Nessos (D:13)
  A death ooze (Slime:2)
  2 great orbs of eyes
  A naga sharpshooter (Snake:3)
  An orc knight (Orc:2)
  A deep elf mage (D:13)
  2 cyclopes
  2 merfolk sirens
  A naga mage (Snake:4)
  A water nymph (Shoals:3)
  An eye of devastation (Slime:5)
  2 yaktaurs (D:15)
  19 slime creatures
  A dream sheep (Shoals:3)
  2 hippogriffs (Shoals:2)
  A spriggan (Lair:6)
  2 shadows
  A wraith (D:13)
  A water elemental (Shoals:2)
  A hungry ghost (D:13)
  3 nagas
  A hell hound (Orc:2)
  A soldier ant (shapeshifter) (D:15)
  2 water moccasins
  2 eyes of draining
  7 orc warriors
  A black bear (D:12)
  2 boggarts
  A wolf (Lair:6)
  3 centaurs
  A wight (D:15)
  213 jellies
  3 orc priests (D:13)
  5 orc wizards
  An iguana (D:13)
  2 worker ants
  An adder (D:12)
  An ooze (D:13)
  29 orcs
  A bush (D:9)
  18 fungi
  14 plants
362 creatures vanquished.

Grand Total: 1260 creatures vanquished

Notes
Turn   | Place    | Note
-------+----------+-------------------------------------------
     0 | D:1      | krabocopter the Demonspawn Gladiator began the quest for the Orb.
     0 | D:1      | Reached XP level 1. HP: 16/16 MP: 1/1
   212 | D:1      | Gained mutation: You are partially covered in sharp spines. [demonic ancestry]
   212 | D:1      | Reached XP level 2. HP: 22/22 MP: 2/2
   412 | D:1      | Gained mutation: You have large cloven feet. [demonic ancestry]
   412 | D:1      | Reached XP level 3. HP: 8/28 MP: 3/3
  1269 | D:2      | Reached skill level 1 in Polearms
  1272 | D:2      | Gained mutation: You are slightly more attuned to the shadows. [demonic ancestry]
  1272 | D:2      | Reached XP level 4. HP: 33/34 MP: 4/4
  1333 | D:2      | Found a sparkling altar of Nemelex Xobeh.
  1421 | D:2      | Found a shimmering altar of Xom.
  1503 | D:2      | Found a shattered altar of Ashenzari.
  1640 | D:3      | Found an ornate altar of the Wu Jian Council.
  1678 | D:3      | Found a white marble altar of Elyvilon.
  2004 | D:3      | Noticed TBriggs11TB's ghost (amateur HOBe)
  2239 | D:3      | Found a blossoming altar of Fedhas.
  2380 | D:3      | Killed TBriggs11TB's ghost
  2380 | D:3      | Gained mutation: You have hoof-like feet. [demonic ancestry]
  2380 | D:3      | Reached XP level 5. HP: 24/43 MP: 1/5
  2380 | D:3      | Reached XP level 6. HP: 27/49 MP: 1/6
  2550 | D:3      | Found an iron altar of Okawaru.
  2633 | D:4      | Reached skill level 5 in Fighting
  2888 | D:4      | Gained mutation: You are partially covered in molten scales. (AC +2) [demonic ancestry]
  2888 | D:4      | Reached XP level 7. HP: 46/56 MP: 7/7
  3225 | D:4      | Found a glowing silver altar of Zin.
  3237 | D:4      | Noticed Brouzouf's ghost (amateur BaFi)
  3285 | D:4      | Killed Brouzouf's ghost
  3653 | D:4      | Found a shimmering altar of Xom.
  3863 | D:5      | Entered Level 5 of the Dungeon
  3951 | D:5      | Reached XP level 8. HP: 59/65 MP: 8/8
  4104 | D:5      | Noticed Blork the orc
  4106 | D:5      | Noticed Eustachio
  4120 | D:5      | Killed Blork the orc
  4195 | D:5      | Found a snail-covered altar of Cheibriados.
  4281 | D:5      | Reached skill level 5 in Dodging
  4363 | D:5      | Found a shadowy altar of Dithmenos.
  4474 | D:5      | Noticed krabocopter's ghost (amateur DsGl)
  4646 | D:6      | Found a sparkling altar of Nemelex Xobeh.
  4734 | D:6      | Found a staircase to the Ecumenical Temple.
  4742 | Temple   | Entered the Ecumenical Temple
  4858 | D:6      | Found a hazy altar of Hepliaklqana.
  4873 | D:6      | Found a sacrificial altar of Ru.
  5454 | D:7      | Reached XP level 9. HP: 75/75 MP: 9/9
  6270 | D:8      | Killed Eustachio
  6270 | D:8      | Reached skill level 1 in Armour
  6489 | D:8      | Found a bloodstained altar of Trog.
  6490 | D:8      | Noticed a two-headed ogre
  6567 | D:8      | Reached skill level 2 in Armour
  6721 | D:8      | Reached skill level 10 in Fighting
  6854 | D:8      | Reached skill level 3 in Armour
  7127 | D:8      | Noticed a two-headed ogre
  7262 | D:9      | Noticed a troll
  7284 | D:9      | Killed a troll
  7284 | D:9      | Gained mutation: You are mostly covered in molten scales. (AC +3) [demonic ancestry]
  7284 | D:9      | Reached XP level 10. HP: 50/85 MP: 7/10
  7464 | D:9      | Reached skill level 4 in Armour
  7690 | D:9      | Found an opulent altar of Gozag.
  7909 | D:9      | Noticed a two-headed ogre
  7957 | D:10     | Entered Level 10 of the Dungeon
  8012 | D:10     | Killed an unseen horror
  8012 | D:10     | Reached skill level 5 in Armour
  8156 | D:10     | Noticed a two-headed ogre
  8354 | D:9      | Killed a two-headed ogre
  8454 | D:10     | Noticed a two-headed ogre
  8474 | D:9      | Killed a two-headed ogre
  8474 | D:9      | Reached skill level 6 in Armour
  8766 | D:10     | Noticed a two-headed ogre
  8789 | D:10     | Killed a two-headed ogre
  8789 | D:10     | Reached XP level 11. HP: 21/95 MP: 4/11
  8865 | D:10     | Reached skill level 7 in Armour
  9050 | D:10     | Found a staircase to the Lair.
  9074 | D:10     | Noticed a two-headed ogre
  9087 | D:10     | Killed a two-headed ogre
  9467 | D:10     | Noticed a two-headed ogre
  9482 | D:10     | Killed a two-headed ogre
  9482 | D:10     | Reached skill level 1 in Shields
  9499 | D:10     | Noticed Harold
  9555 | D:10     | Killed Harold
  9567 | D:10     | Reached skill level 5 in Polearms
  9573 | D:10     | Noticed a two-headed ogre
  9662 | D:10     | Killed a two-headed ogre
 10497 | D:11     | Got a slimy lead ring
 10499 | D:11     | Identified the ring of Tempat {rF- rN+ Str+3 Stlth+} (You found it on level 11 of the Dungeon)
 10630 | D:11     | Noticed a seven-headed hydra
 10718 | D:10     | Killed a two-headed ogre
 10718 | D:10     | Reached skill level 8 in Armour
 10795 | Lair:1   | Entered Level 1 of the Lair of Beasts
 11020 | Lair:1   | Got a transparent broad axe
 11174 | Lair:1   | Found a labyrinth entrance.
 11283 | Lair:1   | Noticed Soeti's ghost (journeyman DsFi)
 11693 | Lair:2   | Noticed Fannar
 11764 | Lair:2   | Killed Fannar
 11820 | Lair:2   | Noticed a catoblepas
 12139 | Lair:2   | Gained mutation: You are completely covered in molten scales. (AC +4, rF+) [demonic ancestry]
 12139 | Lair:2   | Reached XP level 12. HP: 83/102 MP: 10/12
 12492 | Lair:2   | Found a staircase to the Shoals.
 12560 | Lair:2   | Killed a catoblepas
 12560 | Lair:2   | Reached skill level 9 in Armour
 12560 | Lair:2   | Reached skill level 5 in Shields
 13439 | Lair:3   | Noticed an eight-headed hydra
 13444 | Lair:3   | Killed an eight-headed hydra
 13758 | Lair:3   | Upgraded the game from 0.20-a0-848-g73d9be0 to 0.20-a0-850-ge5a7832
 15054 | Lair:4   | Found a staircase to the Snake Pit.
 15073 | Lair:4   | Got an ebony trident
 15074 | Lair:4   | Identified the +11 trident of Undoing {drain, +Fly rElec rF+ Int+2} (You found it on level 4 of the Lair of Beasts)
 15098 | Lair:4   | Reached skill level 10 in Armour
 15652 | Lair:5   | Found a radiant altar of Vehumet.
 16261 | Lair:5   | Found a viscous altar of Jiyva.
 16262 | Lair:5   | Found a staircase to the Slime Pits.
 16268 | Lair:5   | Became a worshipper of Jiyva Jixaymn the Shapeless
 16510 | Lair:6   | Entered Level 6 of the Lair of Beasts
 16515 | Lair:6   | Gained mutation: You have hooves in place of feet. [demonic ancestry]
 16515 | Lair:6   | Reached XP level 13. HP: 108/108 MP: 13/13
 17000 | Lair:6   | Noticed Josephine
 17093 | Lair:6   | Killed Josephine
 17099 | Lair:6   | Reached skill level 11 in Armour
 17359 | Lair:6   | Reached * piety under Jiyva
 17452 | Lair:6   | Reached skill level 10 in Polearms
 17660 | Lair:6   | Reached ** piety under Jiyva
 17768 | Lair:6   | Noticed a fire dragon
 17816 | Lair:6   | Killed a fire dragon
 17842 | Lair:6   | Reached *** piety under Jiyva
 18022 | Lair:6   | Gained mutation: You possess an exceptional clarity of mind. [Jiyva's grace]
 18326 | Lair:6   | Reached **** piety under Jiyva
 18790 | D:8      | Gained mutation: You are significantly more attuned to the shadows. [demonic ancestry]
 18790 | D:8      | Reached XP level 14. HP: 115/115 MP: 14/14
 18793 | D:8      | Gained mutation: Your spells are a little harder to cast, but a little more powerful. [Jiyva's grace]
 18835 | D:8      | Found a hide-covered altar of Uskayaw.
 18835 | D:8      | Reached ***** piety under Jiyva
 18840 | D:8      | Lost mutation: Your spells are a little harder to cast, but a little more powerful. [Jiyva's grace]
 19631 | D:12     | Lost mutation: You possess an exceptional clarity of mind. [Jiyva's grace]
 20032 | D:12     | Found a staircase to the Orcish Mines.
 20275 | D:13     | Gained mutation: Your body has grown golden eyes which may confuse attackers. (Acc +3) [Jiyva's grace]
 20313 | D:13     | Found a gate to the Vaults.
 20322 | D:13     | Reached skill level 12 in Armour
 20362 | D:13     | Noticed Urug
 20401 | D:13     | Killed Urug
 20401 | D:13     | Reached skill level 10 in Shields
 20414 | D:13     | Lost mutation: Your body has grown golden eyes which may confuse attackers. (Acc +3) [Jiyva's grace]
 20433 | D:13     | Reached ****** piety under Jiyva
 20478 | D:13     | Killed Nessos
 20487 | D:13     | Gained mutation: You are agile. (Dex +2) [Jiyva's grace]
 20837 | D:13     | Found Atsozeeph's Antique Armour Boutique.
 20847 | D:13     | Bought an ancient helmet for 209 gold pieces
 20857 | D:13     | Identified the -4 helmet of Qufru {rPois Str+2} (You bought it in a shop on level 13 of the Dungeon)
 20980 | D:14     | Noticed Frances
 20989 | D:14     | Killed Frances
 21036 | D:14     | Gained mutation: You have a small jelly attached to you that may absorb incoming projectiles. [Jiyva's grace]
 21431 | D:14     | Found a snail-covered altar of Cheibriados.
 21678 | D:15     | Entered Level 15 of the Dungeon
 21813 | D:15     | Gained mutation: You have a pair of small horns on your head. [mutagenic meat]
 21814 | D:15     | Lost mutation: You have a pair of small horns on your head. [mutagenic meat]
 21847 | D:15     | Found a staircase to the Depths.
 21887 | D:15     | Noticed Louise
 21914 | D:15     | Found a basalt altar of Yredelemnul.
 21915 | D:15     | Gained mutation: Your body sometimes deteriorates upon taking damage. [Jiyva's grace]
 22161 | Orc:1    | Entered Level 1 of the Orcish Mines
 22193 | Orc:1    | You fall through a shaft!
 22193 | Orc:2    | Entered Level 2 of the Orcish Mines
 22311 | Orc:2    | Noticed Azrael
 22320 | Orc:2    | Gained mutation: Your flesh is heat resistant. (rF+) [Jiyva's grace]
 22324 | Orc:2    | Gained mutation: You have supernaturally acute eyesight. (SInv) [Jiyva's grace]
 22342 | Orc:2    | Gained mutation: You are robust. (+10% HP) [Jiyva's grace]
 22347 | Orc:2    | Killed Azrael
 22348 | Orc:2    | Lost mutation: Your body sometimes deteriorates upon taking damage. [Jiyva's grace]
 22356 | Orc:2    | Gained mutation: Your translucent skin slightly reduces your foes' accuracy. (Stealth) [Jiyva's grace]
 22363 | Orc:2    | Lost mutation: You have a small jelly attached to you that may absorb incoming projectiles. [Jiyva's grace]
 22380 | Orc:2    | Lost mutation: You are robust. (+10% HP) [Jiyva's grace]
 22413 | Orc:2    | Gained mutation: You possess an exceptional clarity of mind. [Jiyva's grace]
 22440 | Orc:2    | Found Acupan's Magic Scroll Emporium.
 22440 | Orc:2    | Found Ginloyth's Distillery.
 22440 | Orc:2    | Found Ymup's Distillery.
 22442 | Orc:2    | Found Vixepunt's Book Shoppe.
 22446 | Orc:2    | Bought a scroll of identify for 28 gold pieces
 22446 | Orc:2    | Bought a scroll of identify for 28 gold pieces
 22447 | Orc:2    | Bought a potion of agility for 44 gold pieces
 22447 | Orc:2    | Bought a potion of haste for 110 gold pieces
 22552 | Orc:2    | Gained mutation: You are covered in fur. (AC +1) [Jiyva's grace]
 22558 | Orc:2    | Gained mutation: Your rubbery body absorbs attacks. (AC +1, EV +1) [Jiyva's grace]
 22610 | Orc:2    | Found a staircase to the Elven Halls.
 22639 | Orc:2    | Lost mutation: You possess an exceptional clarity of mind. [Jiyva's grace]
 22941 | Orc:1    | Noticed an orc warlord
 22965 | Orc:1    | Killed an orc warlord
 22968 | Orc:1    | Gained mutation: You are mostly covered in sharp spines. [demonic ancestry]
 22968 | Orc:1    | Reached XP level 15. HP: 66/120 MP: 15/15
 23002 | Orc:1    | Lost mutation: Your flesh is heat resistant. (rF+) [Jiyva's grace]
 23006 | Orc:1    | Gained mutation: Potions are less effective at restoring your health. [Jiyva's grace]
 23240 | Orc:1    | Reached skill level 13 in Armour
 23263 | Orc:1    | Lost mutation: Your rubbery body absorbs attacks. (AC +1, EV +1) [Jiyva's grace]
 23264 | Orc:1    | Lost mutation: Potions are less effective at restoring your health. [Jiyva's power]
 23541 | Snake:1  | Entered Level 1 of the Snake Pit
 23562 | Snake:1  | Gained mutation: Your flesh is heat resistant. (rF+) [Jiyva's grace]
 23801 | Snake:1  | Gained mutation: Your muscles are strong. (Str +2) [Jiyva's grace]
 23963 | Snake:1  | Noticed Roxanne
 24087 | Snake:1  | Noticed Agnes
 24116 | Snake:1  | Killed Agnes
 24157 | Snake:1  | Lost mutation: Your muscles are strong. (Str +2) [Jiyva's grace]
 24365 | Snake:1  | Found Teozyete's Jewellery Emporium.
 24365 | Snake:1  | Found Umpeidit's Jewellery Emporium.
 24366 | Snake:1  | Found Der Vud's Gadget Shop.
 24465 | Snake:1  | Lost mutation: Your flesh is heat resistant. (rF+) [Jiyva's grace]
 24570 | Snake:1  | Found Ajerelae's Weapon Shop.
 24960 | Snake:1  | Identified a scroll of acquirement
 25193 | Snake:2  | Noticed a nagaraja
 25213 | Snake:2  | Killed a nagaraja
 25320 | Snake:2  | Found Taadeoso's Magic Scroll Shop.
 25339 | Snake:2  | Noticed Aizul
 25350 | Snake:2  | Slimified Aizul
 25350 | Snake:2  | Noticed Aizul
 25350 | Snake:2  | Aizul changed into Aizul the slime creature
 25385 | Snake:2  | Gained mutation: You have a small jelly attached to you that may absorb incoming projectiles. [Jiyva's grace]
 25683 | Snake:2  | Killed Aizul the slime creature
 25823 | Snake:2  | Bought a scroll of identify for 34 gold pieces
 25823 | Snake:2  | Bought a scroll of identify for 34 gold pieces
 25823 | Snake:2  | Bought a scroll of immolation for 59 gold pieces
 25996 | Snake:3  | Gained mutation: You are frail. (-10% HP) [Jiyva's grace]
 25999 | Snake:3  | Found Rimewin's Book Shoppe.
 26000 | Snake:3  | Lost mutation: You are frail. (-10% HP) [Jiyva's power]
 26021 | Snake:3  | Reached skill level 14 in Armour
 26050 | Snake:3  | Gained mutation: Your rubbery body absorbs attacks. (AC +1, EV +1) [Jiyva's grace]
 26102 | Snake:3  | Noticed Soeti's ghost (adept DsFi)
 26126 | Snake:3  | Killed Soeti's ghost
 26231 | Snake:3  | Reached XP level 16. HP: 123/127 MP: 16/16
 26373 | Snake:4  | Entered Level 4 of the Snake Pit
 26485 | Snake:4  | Lost mutation: Your rubbery body absorbs attacks. (AC +1, EV +1) [Jiyva's grace]
 26496 | Snake:4  | Found a hazy altar of Hepliaklqana.
 26509 | Snake:4  | Gained mutation: You can translocate small distances at will. [Jiyva's grace]
 26523 | Snake:4  | Gained mutation: You have a pair of small antennae on your head. [Jiyva's grace]
 26573 | Snake:4  | Lost mutation: You are agile. (Dex +2) [Jiyva's grace]
 26972 | Snake:4  | Gained mutation: Your spells are a little easier to cast, but a little less powerful. [Jiyva's grace]
 27066 | Snake:4  | Lost mutation: Your spells are a little easier to cast, but a little less powerful. [Jiyva's grace]
 27153 | Snake:4  | Reached skill level 15 in Armour
 27555 | Snake:4  | Gained mutation: Your muscles are strong. (Str +2) [Jiyva's grace]
 27745 | Snake:4  | Lost mutation: Your muscles are strong. (Str +2) [Jiyva's grace]
 27829 | Snake:4  | Got a serpentine rune of Zot
 28118 | Lair:4   | Gained mutation: You are agile. (Dex +2) [Jiyva's grace]
 28166 | Slime:1  | Entered Level 1 of the Pits of Slime
 28246 | Slime:1  | Noticed an acid blob
 28252 | Slime:1  | Killed an acid blob
 28514 | Slime:2  | Noticed an acid blob
 28523 | Slime:2  | Noticed an acid blob
 28636 | Slime:2  | Noticed an acid blob
 28841 | Slime:3  | Noticed an acid blob
 28904 | Slime:1  | Noticed an acid blob
 29058 | Slime:3  | Noticed an acid blob
 29058 | Slime:3  | Noticed an acid blob
 29350 | Slime:5  | Entered Level 5 of the Pits of Slime
 29417 | Slime:5  | Noticed an acid blob
 29482 | Slime:5  | Noticed an acid blob
 29496 | Slime:5  | Killed an acid blob
 29505 | Slime:5  | Noticed an acid blob
 29510 | Slime:5  | Found a viscous altar of Jiyva.
 29511 | Slime:5  | Noticed the Royal Jelly
 29514 | Slime:5  | Lost mutation: Your translucent skin slightly reduces your foes' accuracy. (Stealth) [Jiyva's grace]
 29519 | Slime:5  | Gained mutation: Armour fits poorly on your pseudopods. [Jiyva's grace]
 29525 | Slime:5  | Lost mutation: You are agile. (Dex +2) [Jiyva's grace]
 29530 | Slime:5  | Noticed an acid blob
 29534 | Slime:5  | Lost mutation: You have supernaturally acute eyesight. (SInv) [Jiyva's grace]
 29538 | Slime:5  | Got a faintly glowing quarterstaff
 29542 | Slime:5  | Noticed an acid blob
 29544 | Slime:5  | Noticed an acid blob
 29547 | Slime:5  | Killed an acid blob
 29561 | Slime:5  | Got a slimy rune of Zot
 29573 | Slime:5  | Identified the cursed +2 quarterstaff "Vajuifym" {elec, +Rage rF+++ rN++ Stlth-} (You found it on level 5 of the Pits of Slime)
 29577 | Slime:5  | Got a fine flail
 29578 | Slime:5  | Identified the +8 flail of Fyanos {flame, SInv} (You found it on level 5 of the Pits of Slime)
 29614 | Slime:5  | Killed an acid blob
 29831 | Shoals:1 | Entered Level 1 of the Shoals
 30063 | Shoals:1 | Gained mutation: You are frail. (-10% HP) [Jiyva's grace]
 30083 | Shoals:1 | Lost mutation: You are frail. (-10% HP) [Jiyva's power]
 30619 | Shoals:2 | Gained mutation: Your body has grown golden eyes which may confuse attackers. (Acc +3) [Jiyva's grace]
 30832 | Shoals:2 | Gained mutation: You are completely attuned to the shadows. [demonic ancestry]
 30832 | Shoals:2 | Reached XP level 17. HP: 66/133 MP: 17/17
 30862 | Shoals:2 | Lost mutation: Your body has grown golden eyes which may confuse attackers. (Acc +3) [Jiyva's grace]
 31486 | Shoals:1 | Lost mutation: You have a pair of small antennae on your head. [Jiyva's grace]
 31789 | Shoals:2 | Reached skill level 15 in Shields
 31991 | Shoals:2 | Learned a level 1 spell: Pain
 32212 | Shoals:3 | Reached skill level 1 in Necromancy
 32419 | Shoals:3 | Noticed Polyphemus
 32452 | Shoals:2 | Reached skill level 1 in Spellcasting
 32556 | Shoals:3 | Killed Polyphemus
 32762 | Shoals:3 | Gained mutation: You are agile. (Dex +2) [Jiyva's grace]
 33445 | Shoals:3 | Gained mutation: Your body has grown golden eyes which may confuse attackers. (Acc +3) [Jiyva's grace]
 33557 | Shoals:3 | Gained mutation: Your flesh is cold resistant. (rC+) [Jiyva's grace]
 33775 | Shoals:4 | Entered Level 4 of the Shoals
 33794 | Shoals:4 | Found Figim's Armour Emporium.
 33800 | Shoals:4 | Reached skill level 16 in Armour
 33914 | Shoals:4 | Noticed Ilsuiw
 33925 | Shoals:4 | Demolished by a faun

Vault maps used:
D:1:      dpeg_arrival_short_road, minmay_misc_feat_pillars
D:2:      overflow_temple_1_default, xom_butterflies, lemuel_altar_in_water2
D:3:      overflow_temple_1_default, lemuel_crystal_altar, fedhas_altar_4,
          dk_vineyard_2, kennysheep_okawaru_gauntlet
D:4:      zin_academy, roderic_roman_lattice, xom_teletrap_fun
D:5:      cheibrodos_helix_gallery, kennysheep_mini, first_bread,
          cheibriados_altar_1, uniq_blork_the_orc, uniq_eustachio
D:6:      nemelex_altar_shiori, grunt_temple_overflow_open,
          minmay_temple_entry_junction_2
D:7:      serial_undead, serial_undead_d, serial_undead_b, serial_undead_b,
          serial_undead_e, serial_undead_d, serial_undead_c, the_bakery,
          kennysheep_windowed_goal
D:8:      lemuel_coloured_pillars_altar, lemuel_round_altar
D:9:      nicolae_overflow_hidden_temple, kb_lookout_dungeons_type
D:10:     lair_entry_dummy, hangedman_tell_no_tales, uniq_harold
D:11:     minmay_misc_feat_four_crosses, st_stairs_13
D:12:     minmay_orc_entry_guard_dogs, st_stairs_3
D:13:     erik_vaults_1, serial_shops, kennysheep_little_box, uniq_nessos,
          uniq_urug
D:14:     hangedman_decor_clover_reticule, basic_altar, uniq_frances
D:15:     gammafunk_enter_depths_forms, lemuel_doored_altar,
          minmay_guarded_unrand_variability, uniq_louise
Temple:   dpeg_three_leaves_temple
Lair:1:   lab_entry_generic, grunt_megastairs_5, serial_bayou_shore_b
Lair:2:   minmay_shoals_entry_centaurs, grunt_megastairs_3, uniq_fannar
Lair:4:   guppyfry_snake_entry_island, disabler_island
Lair:5:   slime_altar_1, basic_altar, serial_bayou_pond_a
Lair:6:   minmay_lair_end_enchanted_forest, bobbens_dragon_lair_wall,
          uniq_josephine
Shoals:3: uniq_polyphemus
Shoals:4: shoals_end_hangedman, shoals_ilsuiw_alternative, serial_shops, shop
Snake:1:  serial_shops, nicolae_shop_behind_doors, minmay_shop_grove,
          uniq_agnes, uniq_roxanne
Snake:2:  serial_shops, nicolae_shop_window_shopping, uniq_aizul
Snake:3:  serial_shops, shop_statue, serial_bayou_pond_d
Snake:4:  snake_pit, basic_altar
Slime:2:  nicolae_slime_jelly_donut
Orc:2:    st_orc_rangers, uniq_azrael

Skill      XL: |  1  2  3  4  5  6  7  8  9 10 11 12 13 14 15 16 17 |
---------------+----------------------------------------------------+-----
Maces & Flails | 3 |  3.7
Polearms       | 1 3 4 6 8 10 12 13 | 13.3
Fighting       | 4 5 6 8 10 11 12 | 12.7
Dodging        | 4 6 7 8 |  8.3
Armour         | 3 6 8 10 11 12 14 15 16 | 16.0
Shields        | 4 7 9 11 12 14 15 | 15.1
Necromancy     | 4 |  4.2
Spellcasting   | 2 |  2.5
Throwing       | |  1.7

Action                   |  1- 3 |  4- 6 |  7- 9 | 10-12 | 13-15 | 16-18 || total
-------------------------+-------+-------+-------+-------+-------+-------++-------
Melee: Flail             |    55 |       |       |       |       |       ||    55
       Spear             |    22 |    88 |   450 |   573 |       |       ||  1133
       Kick              |     6 |    17 |    15 |       |   456 |   218 ||   712
       Trident           |       |       |       |   265 |  1369 |   931 ||  2565
       Pseudopods        |       |       |       |       |       |    84 ||    84
Invok: Request Jelly     |       |       |       |       |     9 |     9 ||    18
       Slimify           |       |       |       |       |     2 |     1 ||     3
       Cure Bad Mutation |       |       |       |       |     2 |     1 ||     3
Evoke: Wand              |       |       |       |     5 |       |       ||     5
  Use: Scroll            |     4 |       |     4 |    14 |    11 |     2 ||    35
       Potion            |       |     1 |     3 |     5 |     1 |     4 ||    14
 Stab: Sleeping          |     1 |    12 |     8 |       |     5 |       ||    26
       Distracted        |       |       |     1 |       |     2 |       ||     3
  Eat: Chunk             |     1 |     5 |    14 |    24 |     8 |       ||    52
       Fruit             |       |       |     1 |     7 |       |       ||     8
Armor: Leather armour    |    24 |    10 |    29 |       |       |       ||    63
       Chain mail        |       |       |    34 |   219 |   103 |       ||   356
       Scale mail        |       |       |       |       |    53 |       ||    53
       Plate armour      |       |       |       |       |    65 |   133 ||   198
       Skin              |       |       |       |       |       |    10 ||    10
Dodge: Dodged            |    52 |    35 |   236 |   354 |   359 |   237 ||  1273
Block: Shield            |       |       |       |   235 |   826 |   570 ||  1631
       Reflection        |       |       |       |       |    97 |    84 ||   181
